 Dungeon Crawl Stone Soup version 0.32-a0-876-gcfddb08e57 (webtiles) character file.

Game seed: 15632240330258561787

577634 spaghetti the Acrobat (level 26, -21/343 HPs)
             Began as a Naga Berserker on Mar 31, 2024.
             Was an Initiate of Gozag.
             Demolished by a stone giant (44 damage)
             ... created by the rage of Trog
             ... on level 4 of the Depths.
             The game lasted 02:13:30 (59425 turns).

spaghetti the Acrobat (Naga Berserker)             Turns: 59425, Time: 02:13:31

Health: -21/343    AC: 42    Str: 29    XL:     26   Next: 56%
Magic:  32/32      EV: 31    Int:  7    God:    Gozag
Gold:   4778       SH:  4    Dex: 20    Spells: 25/25 levels left

rFire   . . .        I - +8 demon blade "Leech" {evervamp, Harm ^Drain rN+}
rCold   . . .        W - +0 buckler {AC+3}
rNeg    + + .        d - melded +0 ring mail of Wissanku {rF+ Slay+5}
rPois   ∞            Z - +2 hat "Zubrap" {Str+5}
rElec   +            p - +2 cloak
rCorr   .            u - melded +2 pair of gloves {Dex+3}
SInv    +            B - melded +0 barding of the Onion {Will++ Str+3}
Will    +++..        c - amulet of faith
Stlth   ++           K - ring of Coronation {EV+5 Slay+6}
HPRegen 0.77/turn    J - ring "Pietouch" {MP+9 Str+3 Slay+5}
MPRegen 0.23/turn

%: harm (+30% outgoing, +20% incoming), clarity, faith
@: statue-form, studying Ranged Weapons, very slow
A: slow and powerful, torment resistance 1, boosted hp, AC +8, large, see
invisible, deformed body, poison resistance, (slowness 2), spit poison 1, naga
tail 2, clarity, dopey 1, screaming 1, sturdy frame 1
}: 4/15 runes: barnacled, slimy, silver, gossamer
a: Spit Poison, Begin Untransformation, Renounce Religion, Potion Petition, Call
Merchant, Bribe Branch


You were on level 4 of the Depths.
You worshipped Gozag.
Gozag was most pleased with you.
You were a living statue of rough stone.
You visited 10 branches of the dungeon, and saw 50 of its levels.
You visited 1 bazaar.
You also visited: Ice Cave and Wizlab.

You collected 11408 gold pieces.
You spent 2745 gold pieces at shops.
You paid 3885 gold pieces to Gozag.

Inventory:

Hand Weapons
 r - the +9 sword of Power {lifebolt}
   (You took it off a fire giant on level 5 of the Vaults)
 I - the +8 demon blade "Leech" (weapon) {evervamp, Harm ^Drain rN+}
   (You found it on level 3 of the Crypt)

   rN+:       It protects you from negative energy.
   ^Drain:    It drains your maximum health when unequipped.
   Harm:      It increases damage dealt and taken.
Missiles
 f - 36 javelins
 l - 9 throwing nets
 A - 84 poisoned darts
 M - 9 silver javelins
Armour
 d - the +0 ring mail of Wissanku (melded) {rF+ Slay+5}
   (You found it on level 5 of the Lair of Beasts)

   Slay+5:    It affects your accuracy & damage with ranged weapons and melee
   (+5).
   rF+:       It protects you from fire.
 p - a +2 cloak (worn)
 u - a +2 pair of gloves of dexterity (melded)
 B - the +0 barding of the Onion (melded) {Will++ Str+3}
   (You acquired it on level 10 of the Dungeon)

   Str+3:     It affects your strength (+3).
   Will++:    It greatly increases your willpower.
 W - a +0 buckler of protection (worn)
 Z - the +2 hat "Zubrap" (worn) {Str+5}
   (You found it on level 4 of the Spider Nest)

   Str+5:     It affects your strength (+5).
Jewellery
 c - an amulet of faith (around neck)
 z - a ring of magical power
 C - a ring of resist corrosion
 E - the amulet "Nainaos" {Acrobat Fly rF+ rC++ Int+2}
   (You found it on level 11 of the Dungeon)

   [amulet of the acrobat]

   Acrobat:   It increases your evasion while moving and waiting.
   Int+2:     It affects your intelligence (+2).
   rF+:       It protects you from fire.
   rC++:      It greatly protects you from cold.
   Fly:       It grants you flight.
 G - the ring of Amorality {AC+4 SInv}
   (You found it on level 11 of the Dungeon)

   [ring of protection]

   AC+4:      It affects your AC (+4).
   SInv:      It lets you see invisible.
 J - the ring "Pietouch" (right fist) {MP+9 Str+3 Slay+5}
   (You found it on level 11 of the Dungeon)

   [ring of magical power]

   Str+3:     It affects your strength (+3).
   Slay+5:    It affects your accuracy & damage with ranged weapons and melee
   (+5).
   MP+9:      It affects your magic capacity (+9).
 K - the ring of Coronation (left fist) {EV+5 Slay+6}
   (You found it on level 11 of the Dungeon)

   [ring of evasion]

   EV+5:      It affects your evasion (+5).
   Slay+6:    It affects your accuracy & damage with ranged weapons and melee
   (+6).
Talismans
 b - a granite talisman (active)
Wands
 e - a wand of quicksilver (31)
 v - a wand of mindburst (35)
 y - a wand of digging (25)
 F - a wand of paralysis (33)
 N - a wand of flame (75)
 U - a wand of warping (63)
Scrolls
 a - 3 scrolls of brand weapon
 i - 19 scrolls of identify
 m - 15 scrolls of teleportation
 q - 2 scrolls of silence
 s - 4 scrolls of revelation
 w - 3 scrolls of enchant weapon
 x - 3 scrolls of torment
 H - 6 scrolls of fog
 L - 11 scrolls of immolation
 O - 11 scrolls of poison
 P - 5 scrolls of enchant armour
 Q - 5 scrolls of fear
 Y - 4 scrolls of blinking
Potions
 g - 6 potions of heal wounds
 h - 3 potions of resistance
 j - 5 potions of ambrosia
 k - 2 potions of cancellation
 o - 19 potions of curing
 D - 6 potions of invisibility
 R - 8 potions of enlightenment
 S - 3 potions of attraction
 T - 7 potions of might
 X - 12 potions of haste
Miscellaneous
 n - a Gell's gravitambourine (2/2)
 t - a condenser vane
 V - a phantom mirror


   Skills:
 + Level 20.8 Fighting
 - Level 14.0 Long Blades
 - Level 12.0 Maces & Flails
 - Level 8.0 Throwing
 - Level 4.0 Armour
 - Level 24.8 Dodging
 - Level 3.2 Unarmed Combat
 - Level 8.0 Evocations
 + Level 21.6 Shapeshifting


You had 25 spell levels left.
You didn't know any spells.
Your spell library contained the following spells:

 Spells                   Type           Power      Damage    Failure   Level
 Apportation              Tloc           0%         N/A       50%         1
 Freeze                   Ice            0%         1d3       50%         1
 Kiss of Death            Conj/Necr      0%         2d5       50%         1
 Necrotise                Necr           0%         1d4       50%         1
 Slow                     Hex            0%         N/A       50%         1
 Sting                    Conj/Alch      0%         1d3       50%         1
 Summon Small Mammal      Summ           0%         N/A       50%         1
 Call Imp                 Summ           0%         N/A       63%         2
 Cigotuvi's Dreadful Rot  Necr/Alch/Air  0%         N/A       63%         2
 Mercury Vapours          Alch/Air       0%         N/A       63%         2
 Momentum Strike          Conj/Tloc      0%         3d8       63%         2
 Call Canine Familiar     Summ           0%         N/A       86%         3
 Confusing Touch          Hex            0%         N/A       86%         3
 Frozen Ramparts          Ice            0%         1d1       86%         3
 Fugue of the Fallen      Necr           0%         N/A       86%         3
 Hailstorm                Conj/Ice       0%         3d5       86%         3
 Mephitic Cloud           Conj/Alch/Air  0%         N/A       86%         3
 Ozocubu's Armour         Ice            0%         N/A       86%         3
 Sigil of Binding         Hex            0%         N/A       86%         3
 Stone Arrow              Conj/Erth      0%         3d7       86%         3
 Summon Ice Beast         Ice/Summ       0%         N/A       86%         3
 Teleport Other           Tloc           0%         N/A       86%         3
 Tukima's Dance           Hex            0%         N/A       86%         3
 Vampiric Draining        Necr           0%         2d6       86%         3
 Airstrike                Air            0%         2d(0-16)  99%         4
 Anguish                  Hex/Necr       0%         N/A       99%         4
 Animate Armour           Summ/Erth      0%         N/A       99%         4
 Brom's Barrelling Bould  Conj/Erth      0%         2d3       99%         4
 Cause Fear               Hex            0%         N/A       99%         4
 Dimensional Bullseye     Hex/Tloc       0%         N/A       99%         4
 Dispel Undead            Necr           0%         3d6       99%         4
 Flame Wave               Conj/Fire      0%         2d4       99%         4
 Martyr's Knell           Necr/Summ      0%         N/A       99%         4
 Maxwell's Portable Pile  Tloc           0%         2d(5-10)  99%         4
 Passage of Golubria      Tloc           0%         N/A       99%         4
 Petrify                  Alch/Erth      0%         N/A       99%         4
 Summon Blazeheart Golem  Fire/Summ      0%         N/A       99%         4
 Summon Lightning Spire   Summ/Air       0%         N/A       99%         4
 Arcjolt                  Conj/Air       0%         1d10      100%        5
 Fireball                 Conj/Fire      0%         3d3       100%        5
 Freezing Cloud           Conj/Ice/Air   0%         6-21      100%        5
 Irradiate                Conj/Alch      0%         3d11      100%        5
 Iskenderun's Battlesphe  Conj           0%         2d6       100%        5
 Lee's Rapid Deconstruct  Erth           0%         3d4*      100%        5
 Silence                  Hex/Air        0%         N/A       100%        5
 Conjure Ball Lightning   Conj/Air       0%         3x3d6     100%        6
 Dispersal                Tloc           0%         N/A       100%        6
 Eringya's Noxious Bog    Alch           0%         4d6       100%        6
 Gell's Gavotte           Tloc           0%         2d(11-16) 100%        6
 Permafrost Eruption      Ice/Erth       0%         2x4d1     100%        6
 Enfeeble                 Hex            0%         N/A       100%        7
 Manifold Assault         Tloc           0%         N/A       100%        7
 Orb of Destruction       Conj           0%         9d5       100%        7
 Spellforged Servitor     Conj/Summ      0%         N/A       100%        7
 Summon Hydra             Summ           0%         N/A       100%        7
 Lehudib's Crystal Spear  Conj/Erth      0%         10d2      100%        8
 Maxwell's Capacitive Co  Air            0%         ∞         100%        8
 Chain Lightning          Conj/Air       0%         N/A       100%        9
 Fire Storm               Conj/Fire      0%         5d1       100%        9
 Shatter                  Erth           0%         3d5*      100%        9
 Sublimation of Blood     Necr           Unusable   N/A       N/A         2

Dungeon Overview and Level Annotations

Branches:
Dungeon (15/15)              Lair (5/5) D:11         Shoals (4/4) Lair:3
 Spider (4/4) Lair:3        Slime (5/5) Lair:4          Orc (2/2) D:10
    Elf (3/3) Orc:2        Vaults (5/5) D:14          Crypt (3/3) Vaults:2
   Tomb (0/3) Crypt:3      Depths (4/4) D:15            Zot (0/5) Depths:4
  IceCv (visited)          WizLab (visited)
 Temple: D:4-7

Altars:
Ashenzari
Cheibriados
Elyvilon
Fedhas
Gozag
Hepliaklqana
Kikubaaqudgha
Makhleb
Nemelex Xobeh
Qazlal
Sif Muna
Uskayaw
Wu Jian
Xom
Yredelemnul
Beogh
Jiyva
Lugonu

Shops:
D:2 [   D:5 ::   D:13 (   Orc:2 [(*=   Elf:3 *   Shoals:1 =   Vaults:4 (
Depths:1 ![[([

Portals:
Hell: Depths:1 Depths:2 Depths:3 Depths:4
Abyss: Depths:1 Depths:3 Depths:4
Pandemonium: Depths:1 Depths:2 Depths:3
Ziggurat: Depths:2

Annotations:
Spider:1 2 transporters
Elf:1 6 transporters


Innate Abilities, Weirdness & Mutations

You are a living statue of rough stone.
Your actions are slow, but your melee attacks are powerful.
You are resistant to unholy torment.
Your maximum health is greatly increased.
Your equipment is partially melded.
((Your serpentine skin is tough. (AC +8)))
You are immune to poison.
You have supernaturally acute eyesight. (SInv)
Armour fits poorly on your strangely shaped body.
Your system is resistant to poisons. (rPois)
((You cover ground very slowly.))
You can spit poison.
You can use your snake-like lower body to constrict enemies.
You possess an exceptional clarity of mind.
You are dopey. (Int -2)
You occasionally shout uncontrollably at your foes.
Your movements are slightly less encumbered by armour. (ER -2)


Message History

You completely miss the two-headed ogre.
You grab the two-headed ogre. You constrict the two-headed ogre.
The stone giant misses you.
The two-headed ogre closely misses you. x2
The stone giant hits you but does no damage.
The stone giant completely misses you. x2
You slice the two-headed ogre!!
You feel better.
The two-headed ogre is heavily wounded.
You constrict the two-headed ogre! The stone giant hits you!!
The stone giant hits you but does no damage.
The stone giant barely misses you.
The two-headed ogre hits you but does no damage.
The two-headed ogre completely misses you.
Unknown command.
Unknown command.
You slice the two-headed ogre!!
You feel better.
You kill the two-headed ogre!
That felt strangely unrewarding.
The stone giant hits you!!
The stone giant completely misses you. x2; The stone giant misses you.
The stone giant completely misses you.
Unknown command.
You hit the stone giant.
You feel better.
The stone giant is lightly wounded.
The stone giant hits you but does no damage. x2
The stone giant closely misses you. x2
You barely miss the stone giant.
The stone giant is lightly wounded.
The stone giant completely misses you.
The stone giant hits you but does no damage.
The stone giant barely misses you.
Unknown command.
Unknown command.
You slash the stone giant!
You feel better.
The stone giant is lightly wounded.
The stone giant hits you!!!
* * * LOW HITPOINT WARNING * * *
The stone giant hits you!!!
* * * LOW HITPOINT WARNING * * *
The stone giant hits you!!!
You die...
Your body crumbles into a pile of gold.

#.......##.#...#'#.##.
###..#..##......#.....
#......####.#####.#.#
##.#.#.###########'#)
#......##≈≈≈§§§##.#.#
#...#..##≈.(§§§##....
##).....##≈...#.#...P⌠
##...C.C.##§(..#.'#..ß.
#....CI..##≈.##..#..⌠..
##.......##≈....(+#....
##########§.....###.#.
########≈##.....#'#+#
##≈≈§≈≈§§###+..<......
#§§.§§...##.#+......##
##≈.......+#.#+....#..
#§≈!.#.##..'#)#'...#..
##≈....##...'#.##§....


You could see 3 stone giants.

Vanquished Creatures
  Dissolution (Slime:4)
  the Royal Jelly (Slime:5)
  Frederick (Depths:3)
  3 ancient liches
  2 dread liches (Crypt:3)
  4 juggernauts (Depths:4)
  Sojobo (Depths:1)
  Josephina (Crypt:3)
  Boris (twice) (Depths:2 Depths:4)
  Bai Suzhen (Depths:2)
  3 caustic shrikes (Depths:4)
  Jory (Crypt:3)
  3 golden dragons
  3 bone dragons
  A profane servitor (Crypt:1)
  2 doom hounds (Crypt:2)
  6 tentacled monstrosities
  2 walking crystal tomes (Depths:4)
  A walking earthen tome (Depths:4)
  4 liches
  3 deep elf blademasters
  Grunn (Crypt:2)
  5 titans
  4 deep elf master archers
  3 quicksilver dragons
  9 sphinxes
  A walking divine tome (Depths:4)
  20 acid blobs
  A walking frostbound tome (Depths:4)
  Agnes (D:15)
  6 ancient champions
  Kirke (Lair:5)
  3 shadow dragons
  Polyphemus (Shoals:2)
  3 thorn hunters (WizLab)
  2 revenants (Crypt:1)
  4 storm dragons
  The ghost of Ziduatse the Warrior, an adept CoGl of Wu Jian (Spider:3)
  11 rockslimes
  3 fenstrider witches (WizLab)
  Roxanne (D:15)
  10 tengu reavers
  12 azure jellies
  11 fire giants
  11 frost giants
  9 deep elf sorcerers
  An emperor scorpion (Spider:4)
  A balrug (Depths:1)
  3 ghost moths
  A caustic shrike zombie (Crypt:3)
  A curse skull (Crypt:1)
  3 deep elf elementalists (Elf:3)
  19 vault wardens
  13 ironbound preservers
  4 iron dragons
  5 formless jellyfish
  3 orc warlords
  7 ghouls
  17 very ugly things
  A draconian annihilator (Depths:4)
  6 quicksilver oozes
  2 broodmothers (Spider:4)
  4 spriggan defenders
  A reaper (Crypt:3)
  7 ironbound thunderhulks
  8 deep elf death magi
  16 stone giants
  8 deep elf demonologists
  2 eleionomae (WizLab)
  A putrid mouth (Crypt:2)
  6 vampire knights
  6 deep elf annihilators
  10 ettins
  3 war gargoyles
  7 dire elephants
  4 spark wasps
  A mummy priest (Crypt:3)
  6 merfolk javelineers
  2 eidola
  3 shambling mangroves (WizLab)
  4 entropy weavers
  9 merfolk impalers
  10 yaktaur captains
  6 fire dragons
  3 jiangshi (Crypt:3)
  4 spriggan zombies
  7 great orbs of eyes
  2 spriggan air magi
  3 deep elf high priests
  A fenstrider witch zombie (Crypt:2)
  42 vault guards
  Fannar (Lair:3)
  3 ogre magi
  Erolcha (D:9)
  A quicksilver dragon skeleton (Crypt:2)
  10 ice dragons
  2 alligator snapping turtles
  A peacekeeper (Vaults:4)
  5 hydras
  4 rakshasas
  A spriggan skeleton (Crypt:3)
  9 merfolk aquamancers
  Erica (Orc:1)
  7 ironbound frosthearts
  2 catoblepae
  5 death knights
  9 boulder beetles
  27 dancing weapons
  A two-headed ogre (shapeshifter) (Depths:4)
  20 centaur warriors
  6 jorogumos
  2 satyrs
  7 death yaks
  A merfolk avatar (Shoals:4)
  A death scarab (Spider:3)
  11 vampire magi
  10 tengu warriors
  Urug (Lair:4)
  2 orc high priests
  9 two-headed ogres
  2 deep troll earth magi
  3 deep troll shamans (Depths:4)
  8 demonic crawlers
  3 spriggan berserkers
  A sun demon (Depths:1)
  A naga sharpshooter (WizLab)
  An emperor scorpion zombie (Crypt:2)
  15 deep elf knights
  Amaemon (D:8)
  10 skeletal warriors
  Nergalle (Lair:2)
  2 titan skeletons
  3 shadow wraiths
  A spark wasp zombie (Depths:1)
  A sixfirhy (Depths:2)
  5 skysharks
  9 iron trolls
  2 pharaoh ants
  12 sea snakes
  2 spriggan simulacra (Crypt:3)
  A sea snake (shapeshifter) (Vaults:5)
  36 deep trolls
  2 sun moths (Spider:4)
  16 deep elf archers
  A swamp dragon (Lair:5)
  8 arcanists
  2 bog bodies (Crypt:3)
  14 phantasmal warriors
  7 flayed ghosts
  4 thermic dynamos
  8 lindwurms
  4 orb spiders
  22 ironbound convokers
  33 deep elf zephyrmancers
  13 orc knights
  An oklob plant (WizLab)
  7 steelbarb worms
  13 harpies
  8 wolf spiders
  36 deep elf pyromancers
  10 necromancers
  A stone giant zombie (Crypt:1)
  An anaconda skeleton (Crypt:3)
  42 ugly things
  5 orc sorcerers
  An alligator skeleton (Crypt:3)
  3 shining eyes
  A cyclops (shapeshifter) (Elf:2)
  8 fauns
  A shadow dragon skeleton (Vaults:3)
  2 iron dragon zombies
  An elephant (Lair:4)
  2 eleionoma skeletons (Crypt:1)
  16 manticores
  4 meliai (Spider:4)
  5 moths of wrath
  8 cyclopes
  2 ice statues (IceCv)
  4 merfolk sirens
  2 kobold blastminers (Orc:2)
  A stone giant skeleton (Crypt:3)
  Maurice (D:7)
  A formless jellyfish zombie (Crypt:3)
  A water nymph (shapeshifter) (Vaults:5)
  6 eyes of devastation
  2 black mambas (shapeshifter)
  A black mamba (Lair:3)
  16 vault sentinels
  2 torpor snails (Spider:4)
  A smoke demon (Depths:2)
  9 water nymphs
  2 gargoyles
  Maggie (D:7)
  An orange demon (D:8)
  A centaur skeleton (Crypt:3)
  10 cane toads
  13 komodo dragons
  5 kobold demonologists
  An orb spider zombie (Crypt:3)
  Psyche (D:8)
  A yaktaur (shapeshifter) (D:15)
  5 rime drakes
  An unseen horror (D:12)
  6 freezing wraiths
  2 hellions (Depths:2)
  2 tormentors (Crypt:2)
  30 yaktaurs
  2 tengu conjurers
  A guardian mummy (Crypt:3)
  A great orb of eyes zombie (Crypt:1)
  Prince Ribbit (D:9)
  29 merfolk
  8 wind drakes
  5 hornets (WizLab)
  8 polar bears
  11 trolls
  20 tarantellas
  2 glass eyes (Depths:4)
  A satyr zombie (Crypt:1)
  10 human skeletons
  8 blink frogs
  3 snapping turtles
  A raiju (shapeshifter) (Elf:2)
  A radroach zombie (Crypt:1)
  3 dream sheep (Shoals:4)
  An ettin zombie (Crypt:1)
  A death drake skeleton (Crypt:1)
  An elf zombie (Vaults:3)
  A centaur simulacrum (D:15)
  A deep troll zombie (Vaults:4)
  121 slime creatures
  8 culicivoras
  22 jumping spiders
  27 water elementals
  13 air elementals
  3 wyverns
  2 ettin skeletons
  8 wraiths
  A shadow (D:11)
  50 yaks
  2 vampires
  A wind drake zombie (Crypt:2)
  2 fire elementals
  3 basilisks
  4 wargs
  33 redbacks
  2 steam dragons (Lair:5)
  16 vampire mosquitoes
  4 golden eyes
  A redback (shapeshifter) (Depths:4)
  2 acid dragons
  9 water moccasins
  Duvessa (D:7)
  A swamp worm (shapeshifter) (Depths:1)
  2 swamp drakes (Lair:5)
  5 black bears
  An ice beast (D:7)
  29 orc warriors
  A sky beast (D:7)
  3 boggarts (Vaults:3)
  2 glowing shapeshifter skeletons
  A blink frog zombie (Crypt:1)
  17 laughing skulls
  12 ogres
  12 centaurs
  An ettin simulacrum (Vaults:3)
  A hog zombie (Crypt:2)
  21 wolves
  An elephant skeleton (Crypt:2)
  2 phantoms (D:7)
  2 gnoll sergeants
  A salamander zombie (Crypt:2)
  4 kobold brigands
  8 bullfrogs
  An earth elemental (Elf:1)
  4 scorpions
  A two-headed ogre simulacrum (D:13)
  A water moccasin zombie (Crypt:2)
  13 wights
  Dowan (D:7)
  A human simulacrum (Vaults:3)
  A howler monkey (D:10)
  A polar bear skeleton (Crypt:1)
  3 bombardier beetles
  4 electric eels
  2 hounds
  21 orc priests
  Crazy Yiuf (D:3)
  5 iguanas
  A sleepcap (D:6)
  Jessica (D:3)
  Terence (D:3)
  29 orc wizards
  2 troll simulacra (D:13)
  A polar bear simulacrum (IceCv)
  An ice beast zombie (Crypt:3)
  An acid dragon skeleton (Crypt:3)
  3 mummies (Crypt:3)
  14 gnolls
  13 adders
  A naga simulacrum (D:13)
  A swamp drake skeleton (Crypt:3)
  A shadow imp (D:7)
  2 white imps
  A howler monkey simulacrum (D:11)
  2 ufetubi (D:6)
  2 dart slugs (D:1)
  46 orcs
  A ball python (D:1)
  A bat skeleton (Crypt:3)
  An endoplasm (D:3)
  4 giant cockroaches
  3 goblins
  9 hobgoblins
  4 quokkas
  4 bats
  2 frilled lizards
  20 kobolds
  2 orc skeletons
  6 rats
  11 butterflies (Vaults:1)
2007 creatures vanquished.

Vanquished Creatures (collateral kills)
  A storm dragon (Shoals:4)
  A ghost moth (Spider:4)
  An orc warlord (Vaults:3)
  An ironbound preserver (Vaults:3)
  A dire elephant (Vaults:3)
  A merfolk impaler (Shoals:4)
  A merfolk javelineer (Shoals:4)
  A deep elf high priest (Elf:3)
  An ice dragon (Lair:5)
  A catoblepas (D:15)
  2 death yaks (Lair:4)
  5 demonic crawlers (Spider:4)
  A pharaoh ant (Spider:4)
  An orb spider (Spider:4)
  A deep troll (Vaults:3)
  A sun moth (Spider:4)
  A phantasmal warrior (D:14)
  An arcanist (Vaults:3)
  A necromancer (Vaults:3)
  3 orc knights
  2 deep elf pyromancers
  2 steelbarb worms (Spider:4)
  An ironbound convoker (Vaults:3)
  2 fauns (Shoals:4)
  A shining eye (Slime:2)
  2 elephants (Lair:4)
  2 meliai (Spider:4)
  A vault sentinel (Vaults:3)
  A merfolk siren (Shoals:4)
  A torpor snail (Spider:4)
  A freezing wraith (IceCv)
  5 yaktaurs (Vaults:3)
  An anaconda simulacrum (IceCv)
  13 merfolk
  A snapping turtle (Shoals:4)
  3 dream sheep (Shoals:3)
  A culicivora (Spider:4)
  A slime creature (Vaults:3)
  2 water elementals (Shoals:4)
  3 basilisks (Lair:5)
  A steam dragon (Lair:5)
  2 acid dragons (Lair:5)
  5 orc warriors
  A laughing skull (D:13)
  2 cane toad simulacra (IceCv)
  2 orc priests (Orc:2)
  An orc wizard (Orc:2)
  2 troll simulacra (D:13)
  A spriggan simulacrum (D:13)
  A naga simulacrum (D:13)
  2 orcs
  A kobold (D:13)
94 creatures vanquished.

Vanquished Creatures (others)
  A fire giant (Depths:4)
  3 deep elf knights
  A pharaoh ant (Spider:4)
  A deep elf archer (Elf:2)
  A glowing orange brain (Depths:4)
  A deep elf zephyrmancer (Elf:3)
  A spriggan simulacrum (Crypt:3)
  A titan simulacrum (Crypt:3)
  4 humans (Lair:5)
  A golden eye (Slime:2)
  An orc wizard (Orc:1)
  An orc zombie (D:5)
  27 spectral weapons
44 creatures vanquished.

Grand Total: 2145 creatures vanquished

Notes
Turn   | Place    | Note
-------+----------+-------------------------------------------
     0 | D:1      | spaghetti the Naga Berserker began the quest for the Orb.
     0 | D:1      | Reached XP level 1. HP: 21/21 MP: 1/1
   284 | D:1      | Reached XP level 2. HP: 27/28 MP: 2/2
   523 | D:1      | Reached skill level 2 in Dodging
   578 | D:1      | Reached XP level 3. HP: 34/34 MP: 3/3
   813 | D:2      | Found a faded altar of an unknown god.
   846 | D:2      | Found Qegg's Armour Shop.
   868 | D:2      | Reached ** piety under Trog
   998 | D:2      | Identified the blade talisman of the Hart {rPois Stlth+}
  1409 | D:3      | Noticed Jessica
  1413 | D:3      | Killed Jessica
  1414 | D:3      | Reached skill level 1 in Throwing
  1414 | D:3      | Reached XP level 4. HP: 40/44 MP: 4/4
  1464 | D:3      | Noticed Terence
  1472 | D:3      | Killed Terence
  2172 | D:3      | Found a runed translucent door.
  2173 | D:3      | Noticed Crazy Yiuf
  2309 | D:3      | Killed Crazy Yiuf
  2310 | D:3      | Reached XP level 5. HP: 37/50 MP: 0/5
  2449 | D:4      | You fall into a shaft and drop 3 floors!
  2485 | D:7      | Reached skill level 3 in Dodging
  2560 | D:7      | Reached XP level 6. HP: 58/58 MP: 6/6
  2622 | D:7      | Reached skill level 5 in Fighting
  2623 | D:7      | Reached XP level 7. HP: 67/67 MP: 7/7
  2661 | D:7      | Noticed Maggie
  2675 | D:7      | Killed Maggie
  2676 | D:7      | Reached skill level 4 in Dodging
  2771 | D:7      | Reached XP level 8. HP: 76/76 MP: 8/8
  2914 | D:7      | Noticed Maurice
  2918 | D:7      | Maurice stole 3 javelins
  2924 | D:7      | Killed Maurice
  2982 | D:7      | Reached skill level 5 in Dodging
  3199 | D:6      | Found a sparkling altar of Nemelex Xobeh.
  3289 | D:6      | Reached skill level 5 in Throwing
  3475 | D:6      | Reached XP level 9. HP: 85/85 MP: 9/9
  3600 | D:6      | Reached *** piety under Trog
  3930 | D:5      | Entered Level 5 of the Dungeon
  4502 | D:5      | Identified the +2 long sword of Gakajep {protect, Fly}
  4533 | D:5      | Found an opulent altar of Gozag.
  4559 | D:5      | Found a burning altar of Makhleb.
  4562 | D:5      | Found a shimmering blue altar of Sif Muna.
  4565 | D:5      | Found a broken altar of Ashenzari.
  4569 | D:5      | Reached skill level 6 in Dodging
  5208 | D:7      | Noticed Duvessa
  5208 | D:7      | Noticed Dowan
  5213 | D:7      | Killed Dowan
  5227 | D:7      | Killed Duvessa
  5341 | D:7      | Reached XP level 10. HP: 96/96 MP: 10/10
  6200 | D:8      | Noticed an orange demon
  6202 | D:8      | Noticed Amaemon
  6246 | D:8      | Killed Amaemon
  6252 | D:8      | Killed an orange demon
  6253 | D:8      | Reached skill level 7 in Dodging
  6362 | D:8      | Noticed Psyche
  6375 | D:8      | Killed Psyche
  6376 | D:8      | Reached skill level 1 in Maces & Flails
  6555 | D:8      | Found a shimmering altar of Xom.
  6736 | D:9      | Noticed a two-headed ogre
  6745 | D:9      | Killed a two-headed ogre
  6761 | D:9      | Noticed Prince Ribbit
  6773 | D:9      | Killed Prince Ribbit
  6871 | D:9      | Noticed Erolcha
  6883 | D:9      | Killed Erolcha
  6933 | D:9      | Reached XP level 11. HP: 95/106 MP: 11/11
  7246 | D:9      | Noticed a two-headed ogre
  7256 | D:9      | Killed a two-headed ogre
  7257 | D:9      | Reached skill level 5 in Maces & Flails
  7278 | D:9      | Found a hide-covered altar of Uskayaw.
  7282 | D:9      | Found a blossoming altar of Fedhas.
  7286 | D:9      | Found a hazy altar of Hepliaklqana.
  7703 | D:10     | Entered Level 10 of the Dungeon
  7708 | D:10     | Noticed a two-headed ogre
  7718 | D:10     | Killed a two-headed ogre
  7779 | D:10     | Found a staircase to the Orcish Mines.
  7870 | D:10     | Found a snail-covered altar of Cheibriados.
  8033 | D:10     | Reached skill level 8 in Dodging
  8045 | D:10     | Noticed a two-headed ogre
  8055 | D:10     | Killed a two-headed ogre
  8056 | D:10     | Reached skill level 10 in Fighting
  8066 | D:10     | Reached **** piety under Trog
  8417 | D:10     | Identified a scroll of acquirement
  8419 | D:10     | Acquired the +0 barding of the Onion {Will++ Str+3}
  8445 | D:10     | Noticed a two-headed ogre
  8458 | D:10     | Killed a two-headed ogre
  8875 | D:11     | Reached XP level 12. HP: 102/117 MP: 12/12
  8925 | D:11     | Noticed a boulder beetle
  8935 | D:11     | Killed a boulder beetle
  9004 | D:11     | Noticed a boulder beetle
  9034 | D:11     | Killed a boulder beetle
  9146 | D:11     | Identified the ring of Amorality {AC+4 SInv}
  9146 | D:11     | Noticed a boulder beetle
  9150 | D:11     | Noticed an ogre mage
  9159 | D:11     | Killed an ogre mage
  9160 | D:11     | Reached skill level 9 in Dodging
  9160 | D:11     | Identified the amulet "Nainaos" {Acrobat Fly rF+ rC++
                  | Int+2}
  9160 | D:11     | Noticed a centaur warrior
  9165 | D:11     | Killed a centaur warrior
  9189 | D:11     | Killed a boulder beetle
  9234 | D:11     | Identified the ring "Pietouch" {MP+9 Str+3 Slay+5}
  9304 | D:11     | Identified the ring of Coronation {EV+5 Slay+6}
  9459 | D:11     | Noticed a two-headed ogre
  9469 | D:11     | Killed a two-headed ogre
  9470 | D:11     | Reached skill level 10 in Maces & Flails
  9684 | D:11     | Found a staircase to the Lair.
 10154 | D:11     | Gained mutation: You can use your snake-like lower body to
                  | constrict enemies. [Naga growth]
 10154 | D:11     | Reached XP level 13. HP: 127/127 MP: 13/13
 10361 | D:12     | Reached ***** piety under Trog
 10714 | D:12     | Reached skill level 10 in Dodging
 11488 | D:13     | Found Jatioschy's Antique Weapon Shoppe.
 11601 | D:13     | Found a frozen archway.
 11626 | IceCv    | Entered an ice cave
 11773 | IceCv    | Found a transporter.
 11782 | IceCv    | Found a transporter.
 12292 | D:14     | Reached skill level 1 in Evocations
 12511 | D:14     | Reached skill level 11 in Dodging
 12511 | D:14     | Reached XP level 14. HP: 137/141 MP: 14/14
 12651 | D:14     | Identified the +5 whip "Campaxu" {spect, rElec rN++ Int+5}
 13011 | D:14     | Found a gate to the Vaults.
 13467 | D:15     | Entered Level 15 of the Dungeon
 13495 | D:15     | Reached skill level 5 in Evocations
 13539 | D:15     | Identified the +5 flail "Igacei" {spect, rC+}
 13858 | Lair:1   | Entered Level 1 of the Lair of Beasts
 13999 | Lair:1   | You are sucked into a shaft and drop 1 floor!
 14148 | Lair:2   | Noticed Nergalle
 14170 | Lair:2   | Killed Nergalle
 14175 | Lair:2   | Reached skill level 12 in Dodging
 15042 | Lair:3   | Found a hole to the Spider Nest.
 15149 | Lair:3   | Reached XP level 15. HP: 152/152 MP: 15/15
 15263 | Lair:3   | Received a gift from Trog
 15437 | Lair:3   | Noticed Fannar
 15449 | Lair:3   | Killed Fannar
 15452 | Lair:3   | Identified the +3 leather armour of Pigos {Str+3 Int+4
                  | SInv}
 15603 | Lair:3   | Found a staircase to the Shoals.
 16220 | Lair:4   | Found a staircase to the Slime Pits.
 16220 | Lair:4   | Found a viscous altar of Jiyva.
 16509 | Lair:4   | Reached skill level 15 in Fighting
 16659 | Lair:4   | Noticed Urug
 16669 | Lair:4   | Killed Urug
 16812 | Lair:4   | Reached skill level 13 in Dodging
 17052 | Lair:5   | Entered Level 5 of the Lair of Beasts
 17052 | Lair:5   | Noticed Kirke
 17061 | Lair:5   | Killed Kirke
 17873 | Lair:5   | Identified the +0 ring mail of Wissanku {rF+ Slay+5}
 18408 | D:15     | Noticed Agnes
 18444 | D:15     | Killed Agnes
 18891 | D:15     | Found a staircase to the Depths.
 18923 | D:15     | Noticed Roxanne
 18946 | D:15     | Killed Roxanne
 19310 | Orc:1    | Entered Level 1 of the Orcish Mines
 19337 | Orc:1    | Reached skill level 14 in Dodging
 19407 | Orc:1    | Reached XP level 16. HP: 164/164 MP: 16/16
 19489 | Orc:1    | Noticed Erica
 19492 | Orc:1    | Reached skill level 1 in Shapeshifting
 19501 | Orc:1    | Killed Erica
 19823 | Orc:2    | Entered Level 2 of the Orcish Mines
 19940 | Orc:2    | Found a staircase to the Elven Halls.
 20227 | Orc:2    | Found a roughly hewn altar of Beogh.
 20240 | Orc:2    | Found Uqerr's General Store.
 20242 | Orc:2    | Found Yntuez's Antique Armour Emporium.
 20358 | Orc:2    | Bought an embroidered hat for 189 gold pieces
 20505 | Orc:2    | Found Voni's Antique Weapon Emporium.
 20547 | Orc:2    | Found Sabost's Jewellery Emporium.
 20897 | Spider:1 | Entered Level 1 of the Spider Nest
 21300 | Spider:1 | Identified the +2 rapier "Votill" {speed, Dex+4}
 21868 | Spider:1 | Found a transporter.
 21871 | Spider:1 | Found a transporter.
 23072 | Spider:3 | Identified the +8 spear "Ysomuu" {venom, Fly Will+}
 23085 | Spider:3 | Reached skill level 15 in Dodging
 23495 | Spider:3 | Found a large runed translucent door.
 23495 | Spider:3 | Found a large runed translucent door.
 23495 | Spider:3 | Noticed Ziduatse's ghost (adept CoGl)
 24296 | Spider:3 | Identified the +1 mace of Green Honour {elec, rN+ rCorr}
 24386 | Spider:4 | Entered Level 4 of the Spider Nest
 24398 | Spider:4 | Reached skill level 5 in Shapeshifting
 24592 | Spider:4 | Reached XP level 17. HP: 175/175 MP: 17/17
 25101 | Spider:4 | Received a gift from Trog
 25268 | Spider:4 | Identified the +1 chain mail of Fockatomm {Will- Slay+6}
 25281 | Spider:4 | Reached skill level 16 in Dodging
 25542 | Spider:4 | Got a gossamer rune of Zot
 25543 | Spider:4 | Identified the +2 hat "Zubrap" {Str+5}
 25748 | Spider:4 | Identified the +8 mace of Toposama {heavy, rElec Will-
                  | Dex+8}
 26041 | Spider:3 | Killed Ziduatse's ghost
 26222 | Slime:1  | Entered Level 1 of the Pits of Slime
 26233 | Slime:1  | Noticed an acid blob
 26303 | Slime:1  | Killed an acid blob
 26944 | Slime:1  | Noticed an acid blob
 26954 | Slime:1  | Killed an acid blob
 26985 | Slime:2  | Gained mutation: You are frail. (-10% HP) [a shining eye]
 27043 | Slime:2  | Noticed an acid blob
 27043 | Slime:2  | Gained mutation: You are dopey. (Int -2) [a shining eye]
 27044 | Slime:2  | Gained mutation: Your health recovers twice as slowly from
                  | being drained. [a shining eye]
 27045 | Slime:2  | Gained mutation: You are clumsy. (Dex -2) [a shining eye]
 27067 | Slime:1  | Killed an acid blob
 27582 | Vaults:1 | Entered Level 1 of the Vaults
 28162 | Vaults:1 | Reached XP level 18. HP: 167/167 MP: 18/18
 28402 | Vaults:1 | Reached skill level 17 in Dodging
 28856 | Vaults:1 | Found a huge runed translucent gate.
 28856 | Vaults:1 | Found a huge runed translucent gate.
 28856 | Vaults:1 | Found a huge runed translucent gate.
 28856 | Vaults:1 | Found a huge runed translucent gate.
 28856 | Vaults:1 | Found a huge runed translucent gate.
 28857 | Vaults:1 | Found a huge runed translucent gate.
 28857 | Vaults:1 | Found a huge runed translucent gate.
 28857 | Vaults:1 | Found a huge runed translucent gate.
 28857 | Vaults:1 | Found a huge runed translucent gate.
 28857 | Vaults:1 | Found a huge runed translucent gate.
 28858 | Vaults:1 | Found a huge runed translucent gate.
 28858 | Vaults:1 | Found a huge runed translucent gate.
 28859 | Vaults:1 | Found a huge runed translucent gate.
 28860 | Vaults:1 | Found a huge runed translucent gate.
 28862 | Vaults:1 | Found a huge runed translucent gate.
 28888 | Vaults:1 | Lost mutation: You are frail. (-10% HP) [potion of
                  | mutation]
 28888 | Vaults:1 | Lost mutation: You are clumsy. (Dex -2) [potion of
                  | mutation]
 28888 | Vaults:1 | Gained mutation: You are agile. (Dex +4, Str/Int -1)
                  | [potion of mutation]
 28888 | Vaults:1 | Gained mutation: You are very agile. (Dex +8, Str/Int -2)
                  | [potion of mutation]
 28888 | Vaults:1 | Gained mutation: You have a pair of small antennae on your
                  | head. [potion of mutation]
 29173 | Vaults:1 | Found a huge runed translucent gate.
 29173 | Vaults:1 | Found a huge runed translucent gate.
 29173 | Vaults:1 | Found a huge runed translucent gate.
 29174 | Vaults:1 | Found a huge runed translucent gate.
 29174 | Vaults:1 | Found a huge runed translucent gate.
 29174 | Vaults:1 | Found a huge runed translucent gate.
 29174 | Vaults:1 | Found a huge runed translucent gate.
 29175 | Vaults:1 | Found a huge runed translucent gate.
 29175 | Vaults:1 | Found a huge runed translucent gate.
 29175 | Vaults:1 | Found a huge runed translucent gate.
 29176 | Vaults:1 | Found a huge runed translucent gate.
 29176 | Vaults:1 | Found a huge runed translucent gate.
 29181 | Vaults:1 | Found a huge runed translucent gate.
 29181 | Vaults:1 | Found a huge runed translucent gate.
 29181 | Vaults:1 | Found a huge runed translucent gate.
 29181 | Vaults:1 | Found a huge runed translucent gate.
 29183 | Vaults:1 | Found a huge runed translucent gate.
 29184 | Vaults:1 | Found a huge runed translucent gate.
 29185 | Vaults:1 | Found a huge runed translucent gate.
 29185 | Vaults:1 | Found a huge runed translucent gate.
 29190 | Vaults:1 | Found a huge runed translucent gate.
 29660 | Vaults:2 | Found a staircase to the Crypt.
 30498 | Vaults:2 | Received a gift from Trog
 31367 | Vaults:2 | Found a white marble altar of Elyvilon.
 31491 | Vaults:2 | Reached skill level 18 in Dodging
 31654 | Vaults:2 | Reached XP level 19. HP: 175/196 MP: 19/19
 31788 | Vaults:3 | Received a gift from Trog
 31968 | Vaults:3 | Found a flickering gateway to a bazaar.
 31973 | Bazaar   | Entered a bazaar
 31973 | Bazaar   | Found Patso's Antique Armour Shop.
 31973 | Bazaar   | Found Xoity's Antique Weapon Shop.
 32000 | Bazaar   | Found Lineq's Distillery.
 32046 | Bazaar   | Bought a potion of mutation for 128 gold pieces
 32046 | Bazaar   | Bought a potion of curing for 48 gold pieces
 32046 | Bazaar   | Bought a potion of haste for 160 gold pieces
 32046 | Bazaar   | Bought a potion of curing for 48 gold pieces
 32046 | Bazaar   | Bought a potion of resistance for 160 gold pieces
 32046 | Bazaar   | Bought a potion of enlightenment for 80 gold pieces
 32046 | Bazaar   | Bought a potion of haste for 160 gold pieces
 32046 | Bazaar   | Bought a potion of attraction for 48 gold pieces
 32562 | Vaults:3 | Received a gift from Trog
 32592 | Vaults:3 | Reached skill level 10 in Shapeshifting
 34350 | Vaults:4 | Reached skill level 19 in Dodging
 34792 | Vaults:4 | Reached XP level 20. HP: 198/208 MP: 20/20
 35053 | Shoals:1 | Entered Level 1 of the Shoals
 35119 | Shoals:1 | Found Kuleck Feegh's One-of-a-Kind Rings.
 36002 | Shoals:1 | Identified the +8 dire flail of Lary {antimagic, rF+} (Trog
                  | gifted it to you on level 1 of the Shoals)
 36002 | Shoals:1 | Received a gift from Trog
 36075 | Shoals:2 | Noticed Polyphemus
 36093 | Shoals:2 | Killed Polyphemus
 36973 | Shoals:3 | Identified the +2 robe of Kusiych {rF+}
 37311 | Shoals:4 | Entered Level 4 of the Shoals
 37425 | Shoals:4 | Identified the ring "Keasowke" {+Blink rPois Str-3 Int+3}
 38032 | Shoals:4 | Paralysed by an air elemental for 1 turns
 38471 | Shoals:4 | Reached skill level 15 in Shapeshifting
 38707 | Shoals:4 | Got a barnacled rune of Zot
 39268 | Crypt:1  | Entered Level 1 of the Crypt
 39301 | Crypt:1  | Reached XP level 21. HP: 216/216 MP: 21/21
 39489 | Crypt:1  | Received a gift from Trog
 39948 | Crypt:1  | Found a basalt altar of Yredelemnul.
 39949 | Crypt:1  | Noticed a profane servitor
 39957 | Crypt:1  | Killed a profane servitor
 40178 | Crypt:1  | Found an ancient bone altar of Kikubaaqudgha.
 40784 | Crypt:2  | Noticed Grunn
 40802 | Crypt:2  | Noticed a bone dragon
 40803 | Crypt:2  | Killed Grunn
 40840 | Crypt:2  | Killed a bone dragon
 41329 | Crypt:2  | Reached skill level 20 in Dodging
 41735 | Crypt:3  | Entered Level 3 of the Crypt
 41972 | Crypt:3  | Found the +8 demon blade "Leech" {evervamp, Harm ^Drain
                  | rN+}
 41973 | Crypt:3  | Found the +6 Majin-Bo {spellvamp, MP+6 Int+6}
 41991 | Crypt:3  | Noticed Jory
 42003 | Crypt:3  | Killed Jory
 42090 | Crypt:3  | Received a gift from Trog
 42142 | Crypt:3  | Noticed a bone dragon
 42147 | Crypt:3  | Noticed a bone dragon
 42155 | Crypt:3  | Killed a bone dragon
 42167 | Crypt:3  | Killed a bone dragon
 42206 | Crypt:3  | Noticed a dread lich
 42211 | Crypt:3  | Noticed an ancient lich
 42211 | Crypt:3  | Noticed a dread lich
 42212 | Crypt:3  | Identified the ring of Law {rElec rPois Dex+2}
 42239 | Crypt:3  | Identified the ring "Zies" {Ice rPois rN+}
 42239 | Crypt:3  | Noticed Josephina
 42245 | Crypt:3  | Killed an ancient lich
 42615 | Crypt:3  | Found a staircase to the Tomb.
 42865 | Crypt:3  | Killed a dread lich
 42866 | Crypt:3  | Reached skill level 21 in Dodging
 42871 | Crypt:3  | Killed a dread lich
 42872 | Crypt:3  | Reached XP level 22. HP: 219/219 MP: 22/22
 42886 | Crypt:3  | Killed Josephina
 43294 | Elf:1    | Entered Level 1 of the Elven Halls
 43595 | Elf:1    | Found a transporter.
 43700 | Elf:1    | Found a transporter.
 43808 | Elf:1    | Found a transporter.
 43810 | Elf:1    | Found a transporter.
 43929 | Elf:1    | Found a transporter.
 43935 | Elf:1    | Found a transporter.
 44222 | Elf:2    | Reached skill level 1 in Long Blades
 44242 | Elf:2    | Received a gift from Trog
 44584 | Elf:2    | Reached skill level 5 in Long Blades
 44710 | Elf:2    | Received a gift from Trog
 44729 | Elf:2    | Found a runed translucent gate.
 44732 | Elf:2    | Found a runed translucent gate.
 44732 | Elf:2    | Found a runed translucent gate.
 45392 | Elf:3    | Entered Level 3 of the Elven Halls
 45422 | Elf:3    | Received a gift from Trog
 45471 | Elf:3    | Found a magical portal.
 45505 | WizLab   | Entered Eringya's Formal Garden
 45723 | WizLab   | Reached XP level 23. HP: 232/232 MP: 23/23
 45735 | WizLab   | Reached skill level 10 in Long Blades
 45755 | WizLab   | Found a blossoming altar of Fedhas.
 45964 | WizLab   | Got Eringya's Opusculum on Transfiguration
 46264 | Elf:3    | Found Dodwifi's Assorted Antiques.
 46294 | Elf:3    | Received a gift from Trog
 46379 | Elf:3    | Reached ****** piety under Trog
 46602 | Elf:3    | HP: 12/297 [balrug/divine providence[a deep elf
                  | demonologist] (8)]
 46607 | Elf:3    | HP: 13/297 [Executioner[a deep elf demonologist] (3)]
 47313 | Elf:3    | Received a gift from Trog
 47535 | Elf:3    | Identified the +2 robe of a ziggurat {^Drain rPois rCorr
                  | Stlth+}
 47794 | Elf:3    | Identified the amulet of the Establishment {Reflect rPois
                  | SH+5}
 48100 | Elf:3    | Got the Essays on the Hyperborean Faeries
 48255 | Elf:1    | Got the Annotations on Bruises
 49356 | Vaults:4 | Found Ruahoh's Weapon Shoppe.
 49397 | Vaults:5 | Entered Level 5 of the Vaults
 49447 | Vaults:5 | Noticed a golden dragon
 49467 | Vaults:4 | Received a gift from Trog
 49575 | Vaults:4 | Killed a golden dragon
 49620 | Vaults:5 | Reached XP level 24. HP: 241/241 MP: 23/23
 49749 | Vaults:5 | Noticed an ancient lich
 49756 | Vaults:5 | Killed an ancient lich
 49796 | Vaults:5 | Acquired 677 gold pieces
 49874 | Vaults:5 | Identified the +0 scale mail of Recklessness {Str+3}
 50085 | Vaults:5 | Noticed an ancient lich
 50095 | Vaults:5 | Killed an ancient lich
 50128 | Vaults:5 | Received a gift from Trog
 50704 | Vaults:5 | Identified the +0 pair of gloves of the Swan {rF+++ rCorr
                  | Dex-2 SInv}
 50880 | Vaults:5 | Got a silver rune of Zot
 50891 | Vaults:5 | Identified the +1 scale mail "Orogif" {Harm rElec rPois
                  | Int-5}
 50912 | Vaults:5 | Identified the +5 scale mail of Dice, Bag, and Bottle
                  | {Will+}
 51363 | Slime:3  | Received a gift from Trog
 51402 | Slime:4  | Noticed Dissolution
 51407 | Slime:4  | Killed Dissolution
 51667 | Slime:5  | Entered Level 5 of the Pits of Slime
 51677 | Slime:5  | Reached skill level 22 in Dodging
 51806 | Slime:5  | Noticed the Royal Jelly
 51831 | Slime:5  | Killed the Royal Jelly
 51965 | Slime:5  | Gained mutation: You are very dopey. (Int -4) [a shining
                  | eye]
 51968 | Slime:5  | Lost mutation: You are very agile. (Dex +8, Str/Int -2) [a
                  | shining eye]
 51969 | Slime:5  | Gained mutation: Your body sometimes deteriorates upon
                  | taking damage. [a shining eye]
 51970 | Slime:5  | Gained mutation: Your body often deteriorates upon taking
                  | damage. [a shining eye]
 51972 | Slime:5  | Gained mutation: You occasionally shout uncontrollably at
                  | your foes. [a shining eye]
 51973 | Slime:5  | Gained mutation: You are partially covered in iridescent
                  | scales. (AC +2) [a shining eye]
 51975 | Slime:5  | Gained mutation: You are frail. (-10% HP) [a shining eye]
 51977 | Slime:5  | Identified the +0 chain mail of Thoughtfulness {Harm
                  | Stlth+}
 51982 | Slime:5  | Gained mutation: Your spells are a little easier to cast,
                  | but a little less powerful. [a shining eye]
 52003 | Slime:5  | Identified the +6 glaive of Qefowopp {protect, Will- MP+9
                  | Int+3}
 52026 | Slime:5  | Identified the staff of Fobu {Str+4 Int+3 Dex+5 Conj}
 52050 | Slime:5  | Identified the +4 ring mail "Opsec" {rF+}
 52061 | Slime:5  | Reached XP level 25. HP: 224/224 MP: 23/23
 52073 | Slime:5  | Got a slimy rune of Zot
 52081 | Slime:5  | Identified the ring "Quvec" {Will+ Str+3}
 52090 | Slime:5  | Identified the ring of Bimmor {Ice rElec Str+2}
 52098 | Slime:5  | Identified the +4 short sword of Nadwepsa {elec, rN+ Int-4
                  | Dex+6}
 52107 | Slime:5  | Received a gift from Trog
 52151 | Slime:5  | Identified the +0 robe "Qosoab" {rElec Str+4}
 52471 | Slime:5  | Lost mutation: You occasionally shout uncontrollably at
                  | your foes. [potion of mutation]
 52471 | Slime:5  | Lost mutation: Your health recovers twice as slowly from
                  | being drained. [potion of mutation]
 52471 | Slime:5  | Lost mutation: You are very dopey. (Int -4) [potion of
                  | mutation]
 52472 | Slime:5  | Lost mutation: You have a pair of small antennae on your
                  | head. [potion of mutation]
 52472 | Slime:5  | Lost mutation: You are dopey. (Int -2) [potion of mutation]
 52472 | Slime:5  | Gained mutation: You are very frail. (-20% HP) [potion of
                  | mutation]
 52472 | Slime:5  | Gained mutation: You occasionally lose the ability to drink
                  | potions when taking damage. [potion of mutation]
 52472 | Slime:5  | Gained mutation: Your tail ends in a venomous barb. [potion
                  | of mutation]
 52545 | Slime:5  | Got the Atlas of the Boulder and Feathers
 53267 | Slime:3  | Lost mutation: You are agile. (Dex +4, Str/Int -1) [a
                  | shining eye]
 53268 | Slime:3  | Gained mutation: You are occasionally teleported next to
                  | monsters. [a shining eye]
 53322 | Slime:2  | Gained mutation: You have hidden genetic defects. [a
                  | shining eye]
 53322 | Slime:2  | Gained mutation: You are clumsy. (Dex -2) [a shining eye]
 53349 | Lair:4   | Lost mutation: You occasionally lose the ability to drink
                  | potions when taking damage. [potion of mutation]
 53349 | Lair:4   | Lost mutation: You are very frail. (-20% HP) [potion of
                  | mutation]
 53349 | Lair:4   | Gained mutation: Your magical capacity is low. (-10% MP)
                  | [potion of mutation]
 53349 | Lair:4   | Gained mutation: Your spells are easier to cast, but less
                  | powerful. [potion of mutation]
 53349 | Lair:4   | Gained mutation: You have very sharp teeth. [potion of
                  | mutation]
 53350 | Lair:4   | Lost mutation: You are frail. (-10% HP) [potion of
                  | mutation]
 53350 | Lair:4   | Lost mutation: Your spells are easier to cast, but less
                  | powerful. [potion of mutation]
 53350 | Lair:4   | Lost mutation: Your spells are a little easier to cast, but
                  | a little less powerful. [potion of mutation]
 53351 | Lair:4   | Lost mutation: You are occasionally teleported next to
                  | monsters. [potion of mutation]
 53351 | Lair:4   | Lost mutation: Your magical capacity is low. (-10% MP)
                  | [potion of mutation]
 53351 | Lair:4   | Lost mutation: You are clumsy. (Dex -2) [potion of
                  | mutation]
 53351 | Lair:4   | Gained mutation: Potions are less effective at restoring
                  | your health. [potion of mutation]
 53352 | Lair:4   | Lost mutation: Your body often deteriorates upon taking
                  | damage. [potion of mutation]
 53352 | Lair:4   | Lost mutation: You are partially covered in iridescent
                  | scales. (AC +2) [potion of mutation]
 53352 | Lair:4   | Lost mutation: You have hidden genetic defects. [potion of
                  | mutation]
 53352 | Lair:4   | Gained mutation: Your movements are slightly less
                  | encumbered by armour. (ER -2) [potion of mutation]
 53352 | Lair:4   | Gained mutation: You occasionally lose the ability to read
                  | scrolls when taking damage. [potion of mutation]
 53352 | Lair:4   | Gained mutation: You are agile. (Dex +4, Str/Int -1)
                  | [potion of mutation]
 53898 | Depths:1 | Entered Level 1 of the Depths
 53931 | Depths:1 | Noticed Sojobo
 53934 | Depths:1 | Killed Sojobo
 53974 | Depths:1 | Found Feij's Armour Shop.
 54062 | Depths:1 | Found Otzen's Antique Armour Shoppe.
 54117 | Depths:1 | Found Tadob's Antique Weapon Boutique.
 54121 | Depths:1 | Found Uleewk's Antique Armour Boutique.
 54210 | Depths:1 | Received a gift from Trog
 54512 | D:5      | Fell from the grace of Trog
 54512 | D:5      | Became a worshipper of Gozag Ym Sagoz the Greedy
 54517 | D:5      | Bought a manual of Dodging for 1360 gold pieces
 54772 | Depths:1 | Found a gateway to Hell.
 54878 | Depths:1 | Found a corrupted altar of Lugonu.
 54880 | Depths:1 | Found a one-way gate to the infinite horrors of the Abyss.
 55051 | Depths:1 | Found Tiplack's Distillery.
 55067 | Depths:1 | Bought a potion of heal wounds for 70 gold pieces
 55067 | Depths:1 | Bought a potion of heal wounds for 70 gold pieces
 55067 | Depths:1 | Bought a potion of mutation for 112 gold pieces
 55067 | Depths:1 | Bought a potion of mutation for 112 gold pieces
 55067 | Depths:1 | Lost mutation: You have very sharp teeth. [potion of
                  | mutation]
 55067 | Depths:1 | Lost mutation: Your tail ends in a venomous barb. [potion
                  | of mutation]
 55067 | Depths:1 | Lost mutation: Your body sometimes deteriorates upon taking
                  | damage. [potion of mutation]
 55068 | Depths:1 | Lost mutation: You occasionally lose the ability to read
                  | scrolls when taking damage. [potion of mutation]
 55068 | Depths:1 | Lost mutation: Potions are less effective at restoring your
                  | health. [potion of mutation]
 55068 | Depths:1 | Lost mutation: You are agile. (Dex +4, Str/Int -1) [potion
                  | of mutation]
 55068 | Depths:1 | Gained mutation: Your magical capacity is low. (-10% MP)
                  | [potion of mutation]
 55068 | Depths:1 | Gained mutation: You have a somewhat thin skeletal
                  | structure. (Dex +2, Stealth+) [potion of mutation]
 55361 | Depths:1 | Found a one-way gate leading to the halls of Pandemonium.
 55516 | Depths:2 | Noticed Bai Suzhen
 55532 | Depths:2 | Killed Bai Suzhen
 55556 | Depths:2 | Lost mutation: You have a somewhat thin skeletal structure.
                  | (Dex +2, Stealth+) [potion of mutation]
 55556 | Depths:2 | Lost mutation: Your magical capacity is low. (-10% MP)
                  | [potion of mutation]
 55556 | Depths:2 | Gained mutation: You are dopey. (Int -2) [potion of
                  | mutation]
 55556 | Depths:2 | Gained mutation: You occasionally shout uncontrollably at
                  | your foes. [potion of mutation]
 55556 | Depths:2 | Gained mutation: You possess an exceptional clarity of
                  | mind. [potion of mutation]
 55957 | Depths:2 | Reached skill level 23 in Dodging
 55973 | Depths:2 | Found a one-way gateway to a ziggurat.
 56010 | Depths:2 | Identified the +3 robe "Wuir" {rPois Str+5}
 56010 | Depths:2 | Noticed Boris
 56020 | Depths:2 | Killed Boris
 56026 | Depths:2 | Paralysed by Trog for 4 turns
 56100 | Depths:2 | Identified the +1 rapier of the Fulmar {freeze, rC+ rCorr
                  | Dex+3}
 56113 | Depths:2 | Found an ornate altar of the Wu Jian Council.
 56669 | Depths:2 | Identified the +6 lajatang of the Ecumenical Temple {vamp,
                  | Int+3}
 56682 | Depths:2 | Identified the staff of the Grinning Augurer {SInv Conj}
 56960 | Depths:3 | Reached skill level 24 in Dodging
 57323 | Depths:3 | Identified the +0 ring mail of Rosyclof {Rampage rElec
                  | Str+3 Int-3 Stlth+}
 57440 | Depths:3 | Identified the orb of Vlad {light, Str+5 Dex-2 Tloc Earth}
 57440 | Depths:3 | Noticed Frederick
 57444 | Depths:3 | Killed Frederick
 57847 | Depths:4 | Entered Level 4 of the Depths
 57893 | Depths:4 | Identified the +3 robe of the Shining Light {Harm rC+}
 57893 | Depths:4 | Noticed Boris
 57903 | Depths:4 | Killed Boris
 58023 | Depths:4 | Found a stormy altar of Qazlal.
 58023 | Depths:4 | Found a shimmering blue altar of Sif Muna.
 58024 | Depths:4 | Found an opulent altar of Gozag.
 58158 | Depths:4 | Noticed a juggernaut
 58169 | Depths:4 | Killed a juggernaut
 58172 | Depths:4 | Reached XP level 26. HP: 260/260 MP: 23/23
 58196 | Depths:4 | Found a gate to the Realm of Zot.
 58687 | Depths:4 | Noticed a juggernaut
 58699 | Depths:4 | Killed a juggernaut
 58705 | Depths:4 | Noticed a juggernaut
 58718 | Depths:4 | Killed a juggernaut
 58724 | Depths:4 | Noticed a juggernaut
 58732 | Depths:4 | Killed a juggernaut
 59019 | Depths:4 | Acquired 1089 gold pieces
 59425 | Depths:4 | Demolished by a stone giant

Illustrated notes

Levels and vault maps discovered:
D:1:      denvon_arrival_planthouse, layout_loops_ring, minivault_4
D:2:      layout_loops_ring, dilly_ecumenical_altar_fadedgnrine, serial_shops,
          shop_fountains, st_stairs_7
D:3:      layout_loops_ring, uniq_terence, uniq_jessica, uniq_crazy_yiuf_cottage
D:4:      layout_basic, minmay_temple_entry_drinking_statues,
          grunt_decor_mini_mirrors, uniq_pikel
D:5:      layout_basic, grunt_temple_overflow_cloverleaf,
          hangedman_decor_riveting, st_stairs_9
D:6:      layout_loops_cross, lemuel_tele_altar, nicolae_half_adder
D:7:      layout_loops_corners, grunt_ministairs_12, kennysheep_diamond,
          hangedman_decor_lopped, nicolae_underground_beach, uniq_maurice,
          uniq_maggie, uniq_duvessa
D:8:      layout_rooms, overflow_temple_1_default, uniq_psyche, uniq_amaemon
D:9:      layout_loops_ring, grunt_temple_overflow_diamond, uniq_prince_ribbit1,
          uniq_erolcha
D:10:     layout_loops_ring, lemuel_crystal_altar, david_orc_3,
          minmay_misc_feat_hallway
D:11:     minmay_the_grid_triangle_9x9_rhombus_full
          [minmay_the_grid_triangle_9x9_empty,
          minmay_the_grid_triangle_9x9_warning,
          minmay_the_grid_triangle_9x9_sprig,
          minmay_the_grid_triangle_9x9_odd_lines,
          minmay_the_grid_triangle_9x9_impossible_snake,
          minmay_the_grid_triangle_9x9_sparse_checkered,
          minmay_the_grid_triangle_9x9_zippers_horizontal,
          minmay_the_grid_triangle_9x9_prize_special], layout_long_grid,
          erik_lair_orcish_takeover, feat_on_display
D:12:     layout_cross, kennysheep_path_1
D:13:     layout_gridville, portal_ice_cave_entry_ice_simulacra, serial_shops,
          shop, minivault_27
D:14:     layout_cave_pools, grunt_vaults_entry_fortified,
          small_statue_intersection
D:15:     grunt_enter_depths_hoard, layout_rooms, serial_bayou_crossing,
          uniq_agnes, uniq_roxanne
Lair:1:   layout_layer_cave, special_room [special_room_bee]
Lair:2:   layout_gridlike, uniq_nergalle
Lair:3:   layout_gridlike, elwin_shoals_entry_stream,
          spider_nest_entry_web_field, uniq_fannar
Lair:4:   layout_layer_cave, slime_entry_1, wad_woods_road_05, uniq_urug
Lair:5:   wormcave, layout_gridlike, guppyfry_lair_end_dragon,
          lemuel_another_geyser, uniq_kirke
Shoals:1: layout_shoals, nicolae_shop_unique_rings,
          nicolae_shoals_spring_well_temple
Shoals:2: layout_shoals, uniq_polyphemus
Shoals:3: layout_shoals
Shoals:4: shoals_end_hellmonk_storm_palace [storm_palace_center_circular,
          storm_palace_corner_reverse_hut, storm_palace_corner_pillars,
          storm_palace_corner_pillars, storm_palace_corner_narrow]
Spider:1: gammafunk_boulding_lane
Spider:2: layout_spider_delve
Spider:3: layout_cave_pods, ebering_ghost_disaster_area
Spider:4: hellmonk_spider_rune_bug_friends, nicolae_spider_world_wide_web
Slime:1:  layout_caves
Slime:2:  layout_caves, nicolae_slime_getting_an_eyeful
Slime:3:  layout_caves, nicolae_slime_phagocytosis
Slime:4:  layout_caves, dissolution_awaits
Slime:5:  slime_pit_nicolae_amoeboid
Orc:1:    layout_caves, uniq_erica
Orc:2:    grunt_orc_cross, layout_caves
Elf:1:    elf_arrival_001, layout_gridlike, special_room [special_room_orc],
          minmay_elf_annihilation, serial_nicolae_subway,
          nicolae_sub_station_stone, nicolae_sub_station_metal,
          nicolae_sub_station_crystal
Elf:2:    nicolae_elf_blades_splatter_lattice
          [nicolae_blade_entry_area_security], layout_geoelf_diagonals
Elf:3:    elf_hall, layout_geoelf_castle, serial_shops, nicolae_diamond_shop,
          lightli_enter_wizlab_magi_temple
Vaults:1: vaults_room_pool, nicolae_vaults_mini_display_case, not_door_vault_mu,
          vaults_room_pool, nicolae_vaults_little_squares_3,
          vaults_room_grunt_arrival_ludios, nicolae_vaults_little_squares_2,
          layout_vaults_quadrants
Vaults:2: nicolae_vaults_angled_halls, minmay_crypt_entry_simple_plaza,
          dpeg_vaults_monster_row, lemuel_angel_altar, hangedman_vaults_cutoff,
          hangedman_vaults_slice, hangedman_vaults_nails,
          nicolae_vaults_network_star, nicolae_vaults_turnstiles,
          v_alt_pattern_1, nicolae_vaults_halls_meeting,
          layout_vaults_maze_snakey
Vaults:3: dpeg_vaults_monster_row, st_star, nicolae_vaults_big_ls,
          grunt_vaults_twisty, nicolae_vaults_circle_grid_b, v_pattern_5,
          vaults_room_door_ring, hangedman_vaults_stitches,
          nicolae_vaults_trapezoid_lopsided_1, nicolae_vaults_house_2,
          nicolae_vaults_house_1, nicolae_vaults_storage_room_doors,
          layout_vaults_big_room, serial_shops, bzr_entry_road
Vaults:4: nicolae_vaults_oval_intersection, nicolae_vaults_sightless_eye,
          nicolae_vaults_doubleplus_tesselated, nicolae_vaults_network_s,
          vaults_room_corners, nicolae_vaults_offset_grid_hallway_4,
          nicolae_vaults_theta, ontoclasm_vaults_hangar, hangedman_vaults_pinch,
          nicolae_vaults_little_squares_5,
          nicolae_vaults_taking_the_gang_shopping, grunt_vaults_diagonal,
          nicolae_vaults_diamond_2, layout_vaults_ring
Vaults:5
Crypt:1:  layout_gridlike, hangedman_crypt_dual_shrines
Crypt:2:  layout_basic, uniq_grunn
Crypt:3:  david_glass_crypt, layout_gridlike, nicolae_crypt_sons_of_ramesses,
          uniq_josephina, uniq_jory
Depths:1: layout_gridlike, hell_entry, serial_co_window_serial,
          co_window_paths_b, co_window_corner_a, co_window_cross_1,
          co_window_of_opportunity_a, co_window_paths_b, co_window_paths_a,
          co_window_paths_a, co_window_broadway_c, co_window_paths_c,
          co_window_broadway_c, co_window_corner_b, co_window_corner_b,
          co_window_broadway_c, co_window_corner_cb, glass_columns_b,
          glass_columns_b, glass_columns_b, abyss_entry_flame_altar,
          kennysheep_pointless_box, serial_shops, shop, shop, shop,
          rand_demon_pan_entry_9, nicolae_wooded_promenade, uniq_sojobo
Depths:2: minmay_guarded_unrand_majin_bo, layout_gridlike, enter_ziggurat_a,
          nicolae_wu_jian_wuxing_cycle, grunt_pan_entry_zigzag, hell_entry,
          uniq_bai_suzhen, uniq_boris
Depths:3: kennysheep_ambush_hall, layout_gridlike, grunt_hell_entry_dis_mu,
          pan_entry, abyss_entry_crystal, chequers_serial_rivers_micro_d,
          uniq_frederick
Depths:4: hangedman_slaughterboxes, abyss_entry, hell_entry

Skill      XL: |  1  2  3  4  5  6  7  8  9 10 11 12 13 14 15 16 17 18 19 20 21 22 23 24 25 26 |
---------------+-------------------------------------------------------------------------------+-----
Dodging        | 2 3 4 5 6 7 8 9 11 12 14 15 16 18 19 21 22 24 | 24.8
Throwing       | 1 2 3 4 5 6 7 8 |  8.0
Fighting       | 4 5 6 8 9 10 11 13 14 15 16 17 18 19 20 | 20.8
Armour         | 3 4 |  4.0
Maces & Flails | 4 8 10 12 | 12.0
Evocations     | 2 6 8 |  8.0
Shapeshifting  | 5 7 9 10 15 16 17 20 21 | 21.6
Long Blades    | 9 14 | 14.0
Unarmed Combat | |  3.2

Action                     |  1- 3 |  4- 6 |  7- 9 | 10-12 | 13-15 | 16-18 | 19-21 | 22-24 | 25-27 || total
---------------------------+-------+-------+-------+-------+-------+-------+-------+-------+-------++-------
  Melee: Unarmed           |    30 |       |       |       |       |       |       |       |       ||    30
         Dagger            |    34 |    34 |       |       |       |       |       |       |       ||    68
         Quarterstaff      |       |    31 |   273 |    48 |       |       |       |       |       ||   352
         Demon whip        |       |       |       |   544 |  1026 |   967 |   994 |   143 |       ||  3674
         Constrict         |       |       |       |       |   213 |   263 |   269 |   227 |   109 ||  1081
         Demon blade       |       |       |       |       |       |       |       |   914 |   760 ||  1674
         Bite              |       |       |       |       |       |       |       |       |    14 ||    14
  Throw: Javelin           |       |       |       |    12 |     9 |    23 |    35 |    11 |     1 ||    91
         Dart              |       |       |       |     2 |       |       |       |       |       ||     2
 Invoke: Berserk           |       |     4 |     7 |    16 |    15 |    20 |    19 |    11 |       ||    92
         Trog's Hand       |       |       |     3 |     8 |     7 |     7 |    13 |     7 |       ||    45
         Brothers in Arms  |       |       |       |       |    12 |    12 |    27 |    12 |       ||    63
         Call Merchant     |       |       |       |       |       |       |       |       |     2 ||     2
Ability: Spit Poison       |    24 |    17 |    38 |    41 |    95 |   126 |   142 |   157 |    91 ||   731
  Evoke: Wand              |       |       |       |     1 |       |     3 |    14 |       |       ||    18
         Condenser vane    |       |       |       |       |       |       |     2 |     2 |       ||     4
    Use: Scroll            |       |     2 |    11 |     5 |     6 |    16 |    13 |     8 |     1 ||    62
         Potion            |       |     2 |     4 |     6 |       |     4 |     3 |     5 |     9 ||    33
   Stab: Distracted        |       |       |       |       |       |    17 |    33 |     2 |     5 ||    57
         Invisible         |       |       |       |       |       |       |     2 |       |       ||     2
         Petrified         |       |       |       |       |       |       |     2 |       |       ||     2
         Paralysed         |       |       |       |       |       |       |     1 |       |       ||     1
 Armour: Animal skin       |    49 |    32 |     6 |       |       |       |       |       |       ||    87
         Swamp dragon scal |       |       |   315 |   487 |   679 |       |       |       |       ||  1481
         Ring mail         |       |       |       |       |   111 |   473 |   112 |       |       ||   696
         Skin              |       |       |       |       |       |       |   473 |   897 |   535 ||  1905
  Dodge: Dodged            |    28 |    26 |   201 |   279 |   602 |   612 |  1261 |  2075 |  1090 ||  6174
  Block: Buckler           |       |       |       |       |   130 |   151 |   254 |   405 |   182 ||  1122
   Form: Statue            |       |       |       |       |       |       |     1 |       |       ||     1

Table legend: (Time is in decaauts)
 A = Elapsed time spent in this place.
 B = Non-inter-level travel time spent in this place.
 C = Inter-level travel time spent in this place.
 D = Time resting spent in this place.
 E = Time spent auto-exploring this place.
 F = Levels seen in this place.
 G = Mean time per level.
                   A        B        C        D        E       F      G
               +--------+--------+--------+--------+--------+-----+--------+
         Total |  77698 |  69962 |   7736 |  11532 |  45725 |  53 | 1466.0 |
       Dungeon |  20012 |  17135 |   2877 |   2110 |  12190 |  15 | 1334.1 |
          Lair |   6879 |   5535 |   1344 |    535 |   4220 |   5 | 1375.8 |
        Shoals |   5825 |   5471 |    354 |   1605 |   2940 |   4 | 1456.2 |
   Spider Nest |   6255 |   5654 |    601 |    914 |   3955 |   4 | 1563.8 |
    Slime Pits |   3967 |   3544 |    423 |    517 |   2121 |   5 |  793.4 |
  Orcish Mines |   1820 |   1643 |    177 |    201 |   1214 |   2 |  910.0 |
   Elven Halls |   6668 |   6112 |    556 |   1750 |   2838 |   3 | 2222.7 |
        Vaults |  12120 |  11434 |    686 |   2766 |   6717 |   5 | 2424.0 |
         Crypt |   5562 |   5376 |    186 |    975 |   3463 |   3 | 1854.0 |
        Depths |   7307 |   6779 |    528 |    120 |   5344 |   4 | 1826.8 |
        Bazaar |    192 |    192 |      0 |      0 |     78 |   1 |  192.0 |
      Ice Cave |    281 |    281 |      0 |     25 |    198 |   1 |  281.0 |
        Wizlab |    806 |    806 |      0 |     11 |    442 |   1 |  806.0 |
               +--------+--------+--------+--------+--------+-----+--------+

Top non-repeatable levels by time:
   Elf:3: 2956 daAuts
Vaults:1: 2660 daAuts
Vaults:3: 2605 daAuts
Vaults:2: 2504 daAuts
    D:11: 2466 daAuts
Vaults:4: 2377 daAuts
   Elf:2: 2237 daAuts
     D:7: 2217 daAuts
Depths:4: 2176 daAuts
Spider:3: 2088 daAuts
  Lair:3: 2009 daAuts
Shoals:4: 1999 daAuts
  Lair:4: 1973 daAuts
Vaults:5: 1972 daAuts
 Crypt:3: 1946 daAuts
